 Dungeon Crawl Stone Soup version 0.22-a0-553-g9358b0b (webtiles) character file.

357 emperorscorpion the Chopper (level 6, -6/56 HPs)
             Began as a Hill Orc Monk on June 25, 2018.
             Mangled by an ogre
             ... wielding a +0 giant club
              (15 damage)
             ... on level 5 of the Dungeon.
             The game lasted 00:08:19 (4388 turns).

emperorscorpion the Chopper (Hill Orc Monk)         Turns: 4388, Time: 00:08:19

Health: -6/56      AC:  5    Str: 13    XL:     6   Next: 64%
Magic:  6/6        EV: 12    Int: 10    God:
Gold:   181        SH:  0    Dex: 14    Spells: 5/5 levels left

rFire    . . .     SeeInvis +   a - +0 hand axe
rCold    . . .     Gourm    .   (no shield)
rNeg     . . .     Faith    .   d - +0 ring mail
rPois    .         Spirit   .   (no helmet)
rElec    .         Reflect  .   (no cloak)
rCorr    .         Harm     .   (no gloves)
MR       .....                  (no boots)
Stlth    +.........             (no amulet)
HPRegen  0.18/turn              m - ring of see invisible
MPRegen  0.10/turn              (no ring)

@: no status effects
A: weak 1, MP-powered wands
a: no special abilities


You were on level 5 of the Dungeon.
You were not hungry.

You visited 1 branch of the dungeon, and saw 5 of its levels.

You collected 181 gold pieces.

Inventory:

Hand Weapons
 a - a +0 hand axe (weapon)
 b - a +0 spear
Missiles
 l - 38 bolts
 n - 37 sling bullets
 o - 8 stones (quivered)
 r - 17 arrows
 u - 11 poisoned needles
Armour
 d - a +0 ring mail (worn)
 k - a +0 robe
Jewellery
 m - a ring of see invisible (left hand)
Scrolls
 e - a scroll of amnesia
 f - 2 scrolls of teleportation
 g - a scroll of immolation
 h - 2 scrolls of remove curse {unknown}
 i - 2 scrolls of enchant armour {unknown}
 p - 5 scrolls of identify {unknown}
 q - 3 scrolls of fear {unknown}
 s - a scroll of blinking
Comestibles
 c - 3 rations


   Skills:
 + Level 5.0 Fighting
 + Level 6.8 Axes
 + Level 2.9 Armour
 + Level 3.3 Dodging
 - Level 1.5 Stealth


You had 5 spell levels left.
You didn't know any spells.
Your spell library was empty.

Dungeon Overview and Level Annotations

Branches:
Dungeon (5/15)
 Temple: D:4-7

Altars:
Fedhas
Kikubaaqudgha
Sif Muna
Yredelemnul

Annotations:
D:4 Dowan, Duvessa


Innate Abilities, Weirdness & Mutations

You are weak. (Str -2)
You expend magic power (3 MP) to strengthen your wands.


Message History

The ogre is moderately wounded.
The ogre barely misses you.
You hit the ogre.
The ogre is heavily wounded.
You barely miss the ogre.
The ogre is heavily wounded.
The ogre hits you but does no damage.
You hit the ogre.
The ogre is severely wounded.
The ogre hits you with a giant club!
You hit the ogre.
The ogre is severely wounded.
The ogre hits you with a giant club!
* * * LOW HITPOINT WARNING * * *
You hit the ogre but do no damage.
The ogre is severely wounded.
You hit the ogre.
The ogre is almost dead.
The ogre hits you with a giant club!
You die...

#........... ### #..#
####.#.......
##..##..##.#####.._....
#.......$...#..........
#.........[.#..........
#...........#..........
#...........#..........
#.>...O.....#..........
#@# #####'########
##.##.###.###..####.#
#...................#
#...................#
##...###.###.######'#
#..... ##.###<####...##
......#...............#
..#....#...............#
..#....+...............#


You could see an ogre.

Vanquished Creatures
  3 vampire bats (D:2)
  A crimson imp (D:5)
  Terence (D:3)
  7 adders
  5 worms
  3 dart slugs
  4 leopard geckos
  9 orcs
  2 bat skeletons (D:2)
  3 bat zombies (D:2)
  5 giant cockroaches
  10 goblins
  6 hobgoblins
  3 jackals (D:2)
  12 kobolds
  A quokka (D:3)
  A ball python (D:3)
  11 bats
  7 frilled lizards
  7 rats
101 creatures vanquished.

Vanquished Creatures (others)
  A hobgoblin (D:1)
  A frilled lizard (D:1)
2 creatures vanquished.

Grand Total: 103 creatures vanquished

Notes
Turn   | Place    | Note
-------+----------+-------------------------------------------
     0 | D:1      | emperorscorpion the Hill Orc Monk began the quest for the Orb.
     0 | D:1      | Reached XP level 1. HP: 19/19 MP: 1/1
   119 | D:1      | Reached XP level 2. HP: 27/27 MP: 2/2
   555 | D:1      | Reached XP level 3. HP: 33/33 MP: 3/3
  1021 | D:2      | Reached skill level 5 in Axes
  1287 | D:2      | Reached XP level 4. HP: 39/40 MP: 4/4
  1322 | D:2      | Found an ancient bone altar of Kikubaaqudgha.
  1367 | D:2      | Reached skill level 1 in Armour
  1367 | D:2      | Reached XP level 5. HP: 19/47 MP: 5/5
  1633 | D:2      | Reached skill level 6 in Axes
  1907 | D:2      | Noticed an ice beast
  2362 | D:3      | Reached XP level 6. HP: 36/53 MP: 6/6
  3206 | D:3      | Noticed Terence
  3214 | D:3      | Gained mutation: You are weak. (Str -2) [potion of mutation]
  3214 | D:3      | Gained mutation: You expend magic power (3 MP) to strengthen your wands. [potion of mutation]
  3231 | D:3      | Killed Terence
  3476 | D:3      | Found a blossoming altar of Fedhas.
  3711 | D:3      | Found a basalt altar of Yredelemnul.
  3879 | D:4      | Noticed Duvessa
  3904 | D:4      | Noticed Dowan
  3946 | D:4      | HP: 2/55 [poisoned by a scorpion]
  4046 | D:5      | Entered Level 5 of the Dungeon
  4308 | D:5      | Found a deep blue altar of Sif Muna.
  4375 | D:5      | Reached skill level 5 in Fighting
  4388 | D:5      | Mangled by an ogre

Vault maps used:
D:1:      erik_arrival_triangle_large, minmay_tromino_v4_a
D:2:      cheibrodos_old_hovel, kennysheep_vampire_church
D:3:      lemuel_coloured_pillars_altar, first_ration, fedhas_altar_3,
          uniq_terence
D:4:      lemuel_crystal_altar, minmay_overflow_temple_star_quad,
          minmay_temple_entry_overgrown, uniq_grinder, uniq_duvessa
D:5:      basic_altar, st_stairs_4

Skill      XL: |  1  2  3  4  5  6 |
---------------+-------------------+-----
Fighting       | 4 5 |  5.0
Axes           | 5 6 |  6.8
Dodging        | 3 |  3.3
Armour         | 1 2 |  2.9
Stealth        | |  1.5

Action                   |  1- 3 |  4- 6 || total
-------------------------+-------+-------++-------
Melee: Hand axe          |   130 |   277 ||   407
       Spear             |    15 |    18 ||    33
  Use: Potion            |     1 |     2 ||     3
       Scroll            |     1 |     4 ||     5
 Stab: Sleeping          |     1 |       ||     1
       Invisible         |     1 |       ||     1
  Eat: Chunk             |     1 |     8 ||     9
       Ration            |       |     1 ||     1
Armor: Robe              |    20 |       ||    20
       Ring mail         |    45 |   110 ||   155
Dodge: Dodged            |   139 |   222 ||   361

Table legend:
 A = Spawn XP
 B = Non-spawn XP
 C = Spawn XP percentage of total XP
 D = Spawn monster count
 E = Non-spawn monster count
 F = Spawn count percentage of total count
 G = Total turns spent on level
                    A         B        C        D         E        F      G
               +---------+---------+-------+---------+---------+-------+---------
         Total |       0 |     511 |   0.0 |       0 |     101 |   0.0 |  4388
               +---------+---------+-------+---------+---------+-------+---------
           D:1 |       0 |      36 |   0.0 |       0 |      23 |   0.0 |   951
           D:2 |       0 |     270 |   0.0 |       0 |      45 |   0.0 |  1347
           D:3 |       0 |     110 |   0.0 |       0 |      23 |   0.0 |  1580
           D:4 |       0 |      41 |   0.0 |       0 |       7 |   0.0 |   168
           D:5 |       0 |      54 |   0.0 |       0 |       3 |   0.0 |   342
               +---------+---------+-------+---------+---------+-------+---------
